 Dungeon Crawl Stone Soup version 0.14-a0-1036-g6cac21b (webtiles) character file.

290 MackTheKnife the Magician (level 5, 0/38 HPs)
             Began as a Human Wanderer on Nov 24, 2013.
             Slain by a gnoll
             ... wielding a +0,+0 flail
              (3 damage)
             ... on Level 4 of the Dungeon.
             The game lasted 00:05:09 (3675 turns).

MackTheKnife the Magician (Human Wanderer)          Turns: 3675, Time: 00:05:10

HP   0/38        AC 12     Str 18      XL: 5   Next: 51%
MP  14/14        EV  5     Int 10      God:
Gold 146         SH 16     Dex 14      Spells:  1 memorised, 15 levels left

Res.Fire  : . . .   See Invis. : .   v - +1,+3 orc morningstar
Res.Cold  : . . .   Warding    : .   g - +0 scale mail
Life Prot.: . . .   Conserve   : .   f - +0 shield
Res.Poison: .       Res.Corr.  : .   k - +2 helmet
Res.Elec. : .       Clarity    : .   (no cloak)
Sust.Abil.: . .     Spirit.Shd : .   x - +2 pair of gloves
Res.Mut.  : .       Stasis     : .   (no boots)
Res.Rott. : .       Flight     : .   (no amulet)
Saprovore : . . .                    (no ring)
                                     r - +4 ring of strength

@: slightly resistant to hostile enchantments, extremely unstealthy
A: no striking features
a: no special abilities


You were on level 4 of the Dungeon.
You were hungry.

You visited 1 branch of the dungeon, and saw 4 of its levels.

You collected 146 gold pieces.


   Skills:
 - Level 4.0 Fighting
 + Level 2.1 Maces & Flails
 - Level 1.0 Stealth
 - Level 1.0 Shields
 - Level 6.0 Spellcasting
   Level 2.0 Summonings


You had 15 spell levels left.
You knew the following spells:

 Your Spells              Type           Power        Failure   Level  Hunger
z - Magic Dart            Conj           #...         100%        1    None

Inventory:

Hand weapons
 v - a +1,+3 orcish morningstar (weapon)
Armour
 f - a +0 shield (worn)
 g - a +0 scale mail (worn)
 k - a +2 helmet (worn)
 x - a +2 pair of gloves (worn)
Comestibles
 d - 4 bread rations
 u - a meat ration
Scrolls
 b - a scroll of identify {unknown}
 c - 2 scrolls of teleportation
 e - a scroll of curse weapon {unknown}
 h - 2 scrolls of remove curse
 j - a scroll of fear {unknown}
 o - 2 scrolls of recharging {unknown}
 p - 3 scrolls of enchant armour {unknown}
Jewellery
 r - a +4 ring of strength (left hand)
Potions
 a - a potion of speed
 i - a potion of heal wounds {unknown}
 l - 3 potions of resistance {unknown}
 q - a potion of brilliance {unknown}
 s - 2 potions of restore abilities {unknown}
 t - a potion of magic {unknown}
 w - a potion of paralysis {unknown}
Books
 m - a book of Party Tricks

   Spells                             Type                      Level
   Summon Butterflies                 Summoning                    1
   Apportation                        Translocation                1
   Blink                              Translocation                2
   Alistair's Intoxication            Transmutation/Poison         4
   Tukima's Dance                     Hexes                        5
 n - a book of the Sky

   Spells                             Type                      Level
   Flight                             Charms/Air                   3
   Airstrike                          Air                          4
   Silence                            Hexes/Air                    5
   Deflect Missiles                   Charms/Air                   6
   Conjure Ball Lightning             Conjuration/Air              6
   Tornado                            Air                          9

▒▒▒▒▒▒▒▒▒▒▒▒▒▒▒
▒·········[·p·▒▒▒▒▒
▒▒▒·▒▒▒▒▒▒··ggg·@···▒
···········▒▒▒▒g····▒
▒▒▒·▒▒▒▒▒··▒ ▒·····▒▒▒▒▒▒▒▒▒
▒·▒▒▒▒▒··▒▒▒▒·············▒▒▒▒
▒▒▒····························▒▒
·······?·············▒▒▒▒▒▒······
···········▒▒▒))····▒▒ ▒▒▒▒·▒▒
··············)····▒ ▒▒·▒▒
▒·····▒············▒ ▒▒▒▒···▒


You could see 4 gnolls and Bloax's ghost.


Message History

You hit Bloax's ghost.
Bloax's ghost is heavily damaged.
You block Bloax's ghost's attack.
Your shield prevents you from hitting Bloax's ghost.
Bloax's ghost is heavily damaged.
Bloax's ghost hits you.
* * * LOW HITPOINT WARNING * * *
You block Bloax's ghost's attack.
Your shield and scale mail prevent you from hitting Bloax's ghost.
Bloax's ghost is heavily damaged.
You block Bloax's ghost's attack.
You completely miss Bloax's ghost.
Bloax's ghost is heavily damaged.
Bloax's ghost hits you!
* * * LOW HITPOINT WARNING * * *
Bloax's ghost hits you.
* * * LOW HITPOINT WARNING * * *
A gnoll comes into view. It is wielding a halberd.
You block the gnoll's attack.
A gnoll comes into view. It is wielding an orcish falchion.
The gnoll shouts!
A gnoll comes into view. It is wielding a flail.
The gnoll shouts!
You block the gnoll's attack.
Drink which item? (? for menu, Esc to quit)
Okay, then.
The gnoll hits you with an orcish falchion.
* * * LOW HITPOINT WARNING * * *
The gnoll hits you with a flail.
You die...

Action                   |  1- 3 |  4- 6 || total
-------------------------+-------+-------++-------
Melee: Club              |    85 |       ||    85
       Spear             |   131 |       ||   131
       Short sword       |    19 |   128 ||   147
       Morningstar       |       |    49 ||    49
  Use: Scroll            |       |     1 ||     1
 Stab: Sleeping          |     1 |       ||     1

Vault maps used:
D:1:      grunt_entry_crossed_arrows, serial_bayou_pond_e
D:2:      infiniplex_staircase_river
D:3:      enter_shallow_ziggurat_a
D:4:      lemuel_crystal_altar, first_bread

Notes
Turn   | Place    | Note
--------------------------------------------------------------
     0 | D:1      | MackTheKnife, the Human Wanderer, began the quest for the Orb.
     0 | D:1      | Reached XP level 1. HP: 14/14 MP: 4/4
   337 | D:1      | Reached skill level 1 in Fighting
   368 | D:1      | Reached XP level 2. HP: 18/20 MP: 7/7
   448 | D:1      | Reached skill level 2 in Fighting
   944 | D:1      | Reached XP level 3. HP: 16/25 MP: 9/9
  1640 | D:2      | Reached skill level 3 in Fighting
  1845 | D:2      | Reached XP level 4. HP: 16/32 MP: 12/12
  2679 | D:3      | Found a gateway to a ziggurat.
  2711 | D:3      | Reached skill level 4 in Fighting
  3087 | D:3      | Reached XP level 5. HP: 38/38 MP: 14/14
  3240 | D:3      | Reached skill level 1 in Maces & Flails
  3586 | D:4      | Reached skill level 2 in Maces & Flails
  3630 | D:4      | Noticed Bloax's ghost (average GrMo)
  3660 | D:4      | HP: 2/38 [Bloax's ghost (5)]
  3674 | D:4      | HP: 3/38 [gnoll/orcish falchion (1)]
  3675 | D:4      | Slain by a gnoll

Vanquished Creatures
  5 adders
  2 worms
  4 giant geckos
  4 oozes
  9 orcs
  2 giant cockroaches (D:1)
  4 goblins
  6 hobgoblins
  8 jackals (D:2)
  6 kobolds
  3 quokkas
  A ball python (D:1)
  7 bats
  3 giant newts
  4 rats
68 creatures vanquished.
